 Dungeon Crawl Stone Soup version 0.22-a0-515-g75794bf (webtiles) character file.

97 Gildeon the Skirmisher (level 4, -3/40 HPs)
             Began as a Draconian Fighter on June 19, 2018.
             Slain by a gnoll
             ... wielding a +0 flail
              (12 damage)
             ... on level 2 of the Dungeon.
             The game lasted 00:09:35 (1832 turns).

Gildeon the Skirmisher (Draconian Fighter)          Turns: 1832, Time: 00:09:35

Health: -3/40      AC:  6    Str: 18    XL:     4   Next: 42%
Magic:  4/4        EV: 13    Int: 10    God:
Gold:   206        SH:  0    Dex: 10    Spells: 3/3 levels left

rFire    . . .     SeeInvis .   a - +1 trident
rCold    . . .     Gourm    .   (no shield)
rNeg     . . .     Faith    .   (armour unavailable)
rPois    .         Spirit   .   (helmet restricted)
rElec    .         Reflect  .   e - +0 cloak
rCorr    +         Harm     .   (no gloves)
MR       .....                  (no boots)
Stlth    +.........             (no amulet)
HPRegen  0.13/turn              i - ring of resist corrosion
MPRegen  0.09/turn              (no ring)

@: no status effects
A: unfitting armour, cold-blooded, AC +5
a: no special abilities


You were on level 2 of the Dungeon.
You were not hungry.

You visited 1 branch of the dungeon, and saw 3 of its levels.

You collected 206 gold pieces.

Inventory:

Hand Weapons
 a - a +1 trident (weapon)
Armour
 e - a +0 cloak (worn)
Jewellery
 i - a ring of resist corrosion (left hand)
Scrolls
 f - a scroll of teleportation
 h - a scroll of blinking {unknown}
 j - a scroll of remove curse
Potions
 b - 2 potions of curing
 c - 2 potions of might
Comestibles
 d - 6 rations


   Skills:
 + Level 4.2 Fighting
 * Level 3.2 Polearms
 + Level 3.4 Dodging
   Level 3.0 Shields


You had 3 spell levels left.
You didn't know any spells.
Your spell library was empty.

Dungeon Overview and Level Annotations

Branches:
Dungeon (3/15)

Altars:
Ashenzari
Hepliaklqana


Innate Abilities, Weirdness & Mutations

Your plain brown scales are hard. (AC +5)
You cannot fit into any form of body armour.
You are cold-blooded and may be slowed by cold attacks.


Message History

You hit the gnoll but do no damage.
The gnoll is severely wounded.
The gnoll hits you with a flail!
You hit the gnoll.
The gnoll is severely wounded.
The gnoll hits you with a flail.
You completely miss the gnoll.
The gnoll is severely wounded.
The gnoll hits you with a flail!
You closely miss the gnoll.
The gnoll is severely wounded.
The gnoll misses you.
You hit the gnoll but do no damage.
The gnoll is severely wounded.
The gnoll hits you with a flail!
* * * LOW HITPOINT WARNING * * *
You hit the gnoll.
The gnoll is almost dead.
The gnoll hits you with a flail!
You die...

###..####'####........###........
#.##.#...#.##.......)#.........
#.#..'...'..'....)..#).........
#.##.#...#.##..).)###.##.......
#..####'####..........###.....#
####...#...#...........## #######
.......##.##............##
######..###..............# #
##.........@g.......###
#########..................##
.....(...................#..#
###########...........#####.#####
##..............#'#....
##.............#_#....
##########(...###....
##.........# #.........#


You could see a gnoll.

Vanquished Creatures
  4 adders
  A worm (D:2)
  A dart slug (D:1)
  A leopard gecko (D:2)
  3 giant cockroaches
  10 hobgoblins
  4 kobolds
  4 bats
  3 frilled lizards
  12 goblins
  9 rats
52 creatures vanquished.

Notes
Turn   | Place    | Note
-------+----------+-------------------------------------------
     0 | D:1      | Gildeon the Draconian Fighter began the quest for the Orb.
     0 | D:1      | Reached XP level 1. HP: 19/19 MP: 1/1
   339 | D:1      | Reached XP level 2. HP: 25/26 MP: 2/2
   908 | D:2      | Reached XP level 3. HP: 33/33 MP: 3/3
  1081 | D:2      | Found a hazy altar of Hepliaklqana.
  1189 | D:2      | Reached skill level 4 in Fighting
  1257 | D:2      | Reached XP level 4. HP: 26/40 MP: 4/4
  1402 | D:2      | Found a shattered altar of Ashenzari.
  1832 | D:2      | Slain by a gnoll

Vault maps used:
D:1:      saegor_arrival_miasma
D:2:      cheibrodos_greedy_goblins, overflow_temple_1_default,
          ashenzari_conservatory_becter, first_ration
D:3:      cheibriados_altar_1, nicolae_qazlal_general_emergency

Skill      XL: |  1  2  3  4 |
---------------+-------------+-----
Dodging        | 3 |  3.4
Fighting       | 4 |  4.2
Polearms       | 3 |  3.2
Shields        | |  3.0

Action                   |  1- 3 |  4- 6 || total
-------------------------+-------+-------++-------
Melee: Trident           |   108 |    39 ||   147
       Tailslap          |     6 |     3 ||     9
  Use: Scroll            |     8 |       ||     8
 Stab: Sleeping          |     1 |       ||     1
  Eat: Chunk             |     1 |     2 ||     3
Armor: Skin              |    18 |    13 ||    31
Dodge: Dodged            |    69 |    24 ||    93

Table legend:
 A = Spawn XP
 B = Non-spawn XP
 C = Spawn XP percentage of total XP
 D = Spawn monster count
 E = Non-spawn monster count
 F = Spawn count percentage of total count
 G = Total turns spent on level
                    A         B        C        D         E        F      G
               +---------+---------+-------+---------+---------+-------+---------
         Total |       0 |     139 |   0.0 |       0 |      52 |   0.0 |  1832
               +---------+---------+-------+---------+---------+-------+---------
           D:1 |       0 |      27 |   0.0 |       0 |      16 |   0.0 |   878
           D:2 |       0 |      99 |   0.0 |       0 |      35 |   0.0 |   935
           D:3 |       0 |      13 |   0.0 |       0 |       1 |   0.0 |    19
               +---------+---------+-------+---------+---------+-------+---------
